AoeStats
← Zipreoy

Arabia

508214093Analyzed
1v1 RM · 10d ago on Sep 21, 2026· 24m 48s· 2 players
Game mode
Random Map
Map size
Tiny (2 player)
Population
200
Speed
Normal
Resources
Standard
Victory
Conquest
Starting age
Dark Age
Ending age
Imperial Age
RankedLock teamsTeams togetherTeam positionsShared explorationLock speedFull tech treeHidden civsTurbo modeCheats
Victory
Defeat
🇫🇷 Khmer · France
775
+14
🇨🇳 Spanish · China
732
-31
Bilbokeh
6:56 Loom
9:51 Feudal Age
14:25 Wheelbarrow
16:43 Double-Bit Axe
19:24 Castle Age
18:54 Double-Bit Axe
19:03 Horse Collar
19:18 Gold Mining
19:19 Stone Mining
21:23 Crossbowman
23:35 Bow Saw
24:43 Fletching
Zipreoy
13:32 Feudal Age
14:43 Double-Bit Axe
20:43 Wheelbarrow
19:53 Loom
22:25 Castle Age
Connection lost

Rejoining the realm…

Still unreachable

The connection could not be restored.

Session expired

The server has moved on; the page needs a fresh start.